 Dungeon Crawl Stone Soup version 0.29-a0-892-g2c4c91d9db (webtiles) character file.

Game seed: 7012879410134122085

12051 BerderTester the Eclecticist (level 11, 0/57 HPs)
             Began as a Deep Elf Conjurer on July 22, 2022.
             Was a Follower of Vehumet.
             Killed from afar by a gargoyle (23 damage)
             ... with a stone arrow
             ... on level 9 of the Dungeon.
             The game lasted 00:23:20 (9343 turns).

BerderTester the Eclecticist (Deep Elf Conjurer)    Turns: 9343, Time: 00:23:21

Health: 0/57       AC:  7    Str:  4    XL:     11   Next: 57%
Magic:  27/32      EV: 13    Int: 28    God:    Vehumet [*.....]
Gold:   453        SH:  0    Dex: 13    Spells: 28/41 levels left

rFire   . . .      SeeInvis +   a - staff of conjuration
rCold   + . .      Faith    .   (no shield)
rNeg    . . .      Spirit   .   E - +2 robe {rC+}
rPois   .          Reflect  .   Q - +1 helmet
rElec   .          Harm     .   P - +0 cloak
rCorr   .          Rampage  .   (no gloves)
Will    +....                   (no boots)
Stlth   ++........              r - amulet of magic regeneration
HPRegen 0.19/turn               c - ring of see invisible
MPRegen 0.63/turn               (no ring)

@: no status effects
A: no striking features
a: Renounce Religion


You were on level 9 of the Dungeon.
You worshipped Vehumet.
Vehumet was aware of your devotion.
You visited 2 branches of the dungeon, and saw 11 of its levels.

You collected 453 gold pieces.

Inventory:

Hand Weapons
 b - a +4 rapier
 h - a +1 dagger of draining
 j - a +3 whip
 N - the +9 spear of Balance {freeze, *Slow rElec rCorr Stlth+}
   (You found it on level 8 of the Dungeon)

   It freezes those it strikes, dealing additional cold damage.
   It can also slow down cold-blooded creatures.
   rElec:     It insulates you from electricity.
   rCorr:     It protects you from acid and corrosion.
   *Slow:     It may slow you when you take damage.
   Stlth:     It makes you more stealthy.
Missiles
 i - a throwing net
 C - 10 poisoned darts
Armour
 E - a +2 robe of cold resistance (worn)
 P - a +0 cloak (worn)
 Q - a +1 helmet (worn)
Magical Staves
 a - a staff of conjuration (weapon)
Jewellery
 c - a ring of see invisible (left hand)
 r - an amulet of magic regeneration (around neck)
 B - a +6 ring of strength
 K - a ring of flight
Wands
 s - a wand of acid (3)
 t - a wand of roots (10)
 I - a wand of flame (55)
 J - a wand of digging (7)
 O - a wand of polymorph (8)
Scrolls
 d - a scroll of summoning
 k - 2 scrolls of amnesia
 l - 3 scrolls of silence {unknown}
 w - 4 scrolls of magic mapping
 x - a scroll of torment
 y - 4 scrolls of teleportation
 z - 2 scrolls of vulnerability
 D - 2 scrolls of enchant weapon {unknown}
 F - 3 scrolls of enchant armour {unknown}
Potions
 e - 3 potions of ambrosia {unknown}
 f - 2 potions of brilliance {unknown}
 g - 2 potions of lignification {unknown}
 m - 5 potions of flight {unknown}
 n - 2 potions of heal wounds
 o - a potion of invisibility {unknown}
 p - 2 potions of cancellation {unknown}
 q - 3 potions of degeneration {unknown}
 u - a potion of mutation {unknown}
 v - 4 potions of haste {unknown}
 A - a potion of magic
 H - 4 potions of curing {unknown}
 L - a potion of berserk rage {unknown}
 M - a potion of attraction {unknown}


   Skills:
 + Level 2.1 Fighting
 + Level 4.3 Dodging
 - Level 2.4 Stealth
 - Level 15.5 Spellcasting
 - Level 14.4 Conjurations
 - Level 5.0 Translocations
 + Level 0.0 Fire Magic


You had 28 spell levels left.
You knew the following spells:

 Your Spells              Type           Power      Damage    Failure   Level
a - Magic Dart            Conj           100%       1d8       0%          1
b - Searing Ray           Conj           100%       2d8       0%          2
c - Iskenderun's Mystic   Conj/Tloc      85%        2d17      1%          4
d - Blink                 Tloc           98%        N/A       1%          2
e - Flame Wave            Conj/Fire      75%        2d13      1%          4

Your spell library contained the following spells:

 Spells                   Type           Power      Damage    Failure   Level
 Shock                    Conj/Air       100%       1d9       1%          1
 Dazzling Flash           Conj/Hex       100%       N/A       1%          3
 Gell's Gravitas          Tloc           49%        N/A       1%          3
 Lesser Beckoning         Tloc           49%        N/A       1%          3
 Teleport Other           Tloc           49%        N/A       1%          3
 Fulminant Prism          Conj/Hex       37%        3d18      1%          4
 Scorch                   Fire           42%        2d7       3%          2
 Manifold Assault         Tloc           49%        N/A       9%          5
 Animate Dead             Necr           21%        N/A       22%         4
 Summon Ice Beast         Ice/Summ       21%        N/A       22%         4
 Summon Mana Viper        Hex/Summ       21%        N/A       54%         5
 Summon Cactus Giant      Summ           10%        N/A       98%         6
 Haunt                    Necr/Summ      10%        N/A       100%        7
 Monstrous Menagerie      Summ           10%        N/A       100%        7
 Infestation              Necr           10%        N/A       100%        8


Dungeon Overview and Level Annotations

Branches:
Dungeon (10/15)            Temple (1/1) D:6            Lair (0/5) D:9
    Orc (0/2) D:9

Altars:
Ashenzari
Cheibriados
Dithmenos
Elyvilon
Fedhas
Gozag
Hepliaklqana
Kikubaaqudgha
Makhleb
Nemelex Xobeh
Okawaru
Qazlal
Ru
Sif Muna
Trog
Uskayaw
Vehumet
Wu Jian
Xom
Yredelemnul
Zin
The Shining One

Shops:
D:3 [

Annotations:
D:2 Sigmund
D:8 3 runed translucent doors, hquester1's ghost, novice MiFi
D:10 1 runed translucent door, zhov's ghost, novice MiHu


Message History

There is an open door here.
Casting: Magic Dart (safe; 0% risk of failure)
Confirm with . or Enter, or press ? or * to list all spells.
You feel a surge of power!
You erupt in a blast of force!
The mystic blast hits the gargoyle!
The gargoyle is moderately damaged.
The gargoyle is knocked back by the mystic blast.
You hear an angry hiss.
The gargoyle hurls a stone arrow at you.
The stone arrow hits you!!
A komodo dragon comes into view.
The gargoyle hurls a stone arrow at you.
The stone arrow misses you.
There is a stone staircase leading up, spattered with blood here.
Unknown command.
The gargoyle closely misses you.
The gargoyle hurls a stone arrow at you.
The stone arrow hits you!
You climb upwards.
There is a stone staircase leading down here.
Unknown command.
Unknown command.
Casting: Iskenderun's Mystic Blast (safe; 1% risk of failure)
Confirm with . or Enter, or press ? or * to list all spells.
You feel a surge of power!
You erupt in a blast of force!
The mystic blast hits the gargoyle!
The gargoyle is almost destroyed.
The gargoyle is knocked back by the mystic blast.
Casting: Iskenderun's Mystic Blast (safe; 1% risk of failure)
Confirm with . or Enter, or press ? or * to list all spells.
Aiming: Searing Ray (safe; 0% risk of failure)
Press: ? - help, Shift-Dir - straight line, f - gargoyle
Aim: a gargoyle, wielding a +0 flail (almost destroyed, 92% to hit)
You feel a surge of power!
The searing ray hits the gargoyle but does no damage.
The gargoyle is almost destroyed. (Press . to maintain the ray.)
The gargoyle hurls a stone arrow at you.
The stone arrow hits you!!
You die...

.....'...#.#.........#...........
.....#...#.#.........#...........
.....#####.#.........#...........
#..........###########...........
'................................
#................................
#.##'######......................
#.#.......##########.###+##......
+.#..........9).@..#[#....#######
#P.............>...#.#...........
..PP..P............#.#...........
....P.P..P.........#.#...........
.....P.P.P......####.#...........
P.PP..P.P..######....####..#####.
..####..................#..#...#.
..#>.#P.P..#''#.........'..#...#.
.P#).#...P....#.........#..#...#.


You could see a gargoyle.

Vanquished Creatures
  Pikel (D:6)
  Maurice (D:8)
  Psyche (D:9)
  2 wyverns (D:9)
  A wraith (D:9)
  12 yaks
  Grum (D:9)
  A water moccasin (D:6)
  An acid dragon (D:10)
  2 orc warriors
  3 black bears
  4 ogres
  An ice beast (D:7)
  2 wolves (D:9)
  3 centaurs
  A lemure (D:6)
  8 bullfrogs
  A scorpion (D:6)
  A necrophage (D:5)
  3 wights (D:8)
  7 killer bees
  2 howler monkeys
  2 orc priests
  A gnoll bouda (D:6)
  4 hounds
  A jelly (D:6)
  An iguana (D:5)
  Natasha (thrice) (D:2)
  An orc wizard (D:5)
  Robin (D:2)
  7 adders
  7 gnolls
  4 shadow imps
  A white imp (D:5)
  3 dart slugs
  24 orcs
  4 endoplasms
  3 giant cockroaches
  14 goblins
  5 hobgoblins
  4 quokkas
  10 ball pythons
  7 bats
  4 frilled lizards
  5 kobolds
  6 rats
181 creatures vanquished.

Vanquished Creatures (others)
  6 fungi (D:9)
  12 plants
  4 withered plants (D:3)
22 creatures vanquished.

Grand Total: 203 creatures vanquished

Notes
Turn   | Place    | Note
-------+----------+-------------------------------------------
     0 | D:1      | BerderTester the Deep Elf Conjurer began the quest for the
                  | Orb.
     0 | D:1      | Reached XP level 1. HP: 10/10 MP: 6/6
   217 | D:1      | Reached XP level 2. HP: 15/15 MP: 4/8
   491 | D:1      | Learned a level 2 spell: Searing Ray
   711 | D:1      | Reached skill level 5 in Conjurations
   955 | D:2      | Identified the +1 helmet of Faob {*Slow +Inv MP+9 Int-3}
   955 | D:2      | Noticed Robin
  1060 | D:2      | Killed Robin
  1061 | D:2      | Reached XP level 3. HP: 19/19 MP: 5/10
  1360 | D:2      | Reached skill level 4 in Spellcasting
  1437 | D:2      | Noticed Natasha
  1463 | D:2      | Killed Natasha
  1464 | D:2      | Reached XP level 4. HP: 8/24 MP: 2/12
  1733 | D:2      | Noticed Natasha
  1742 | D:2      | Learned a level 4 spell: Iskenderun's Mystic Blast
  1746 | D:2      | Killed Natasha
  1747 | D:2      | Reached skill level 1 in Translocations
  1946 | D:2      | Noticed Natasha
  1963 | D:2      | Noticed Sigmund
  2034 | D:2      | Killed Natasha
  2035 | D:2      | Reached XP level 5. HP: 10/28 MP: 8/13
  2466 | D:3      | Found Juaguher's Armour Shop.
  2714 | D:3      | Found a faded altar of an unknown god.
  3568 | D:4      | Reached XP level 6. HP: 25/32 MP: 10/14
  3652 | D:4      | Found a sacrificial altar of Ru.
  3982 | D:5      | Entered Level 5 of the Dungeon
  4119 | D:5      | Reached XP level 7. HP: 32/36 MP: 7/16
  4239 | D:5      | Reached skill level 5 in Spellcasting
  4416 | D:5      | Found a hide-covered altar of Uskayaw.
  4505 | D:5      | Found a burning altar of Makhleb.
  4566 | D:5      | Reached skill level 5 in Translocations
  4720 | D:5      | Found a shimmering blue altar of Sif Muna.
  4900 | D:6      | Reached skill level 6 in Spellcasting
  4984 | D:6      | Reached XP level 8. HP: 41/41 MP: 15/20
  5049 | D:6      | Noticed Pikel
  5058 | D:6      | Killed Pikel
  5059 | D:6      | Reached skill level 8 in Spellcasting
  5249 | D:6      | Found a staircase to the Ecumenical Temple.
  5374 | Temple   | Entered the Ecumenical Temple
  5556 | Temple   | Became a worshipper of Vehumet
  5665 | D:6      | Reached skill level 9 in Spellcasting
  5928 | D:7      | Reached skill level 10 in Conjurations
  5941 | D:7      | Reached XP level 9. HP: 45/45 MP: 20/24
  5944 | D:7      | Found a bloodstained altar of Trog.
  6409 | D:8      | Reached skill level 10 in Spellcasting
  6614 | D:8      | Learned a level 2 spell: Blink
  6650 | D:8      | Identified the +9 spear of Balance {freeze, *Slow rElec
                  | rCorr Stlth+}
  6685 | D:8      | Found a snail-covered altar of Cheibriados.
  6737 | D:8      | Reached * piety under Vehumet
  6737 | D:8      | Offered knowledge of Shock by Vehumet.
  6982 | D:8      | Reached skill level 11 in Spellcasting
  7048 | D:8      | Noticed Maurice
  7102 | D:8      | Killed Maurice
  7478 | D:8      | Found a runed translucent gate.
  7479 | D:8      | Found a runed translucent gate.
  7479 | D:8      | Found a runed translucent gate.
  7484 | D:8      | Noticed hquester1's ghost (novice MiFi)
  7829 | D:9      | Reached skill level 12 in Spellcasting
  7840 | D:9      | Reached XP level 10. HP: 42/50 MP: 22/28
  7895 | D:9      | Found a staircase to the Orcish Mines.
  7897 | D:9      | Found a staircase to the Lair.
  8002 | D:9      | Found a blossoming altar of Fedhas.
  8065 | D:9      | Noticed Grum
  8074 | D:9      | Killed Grum
  8152 | D:9      | Noticed Psyche
  8160 | D:9      | Killed Psyche
  8168 | D:9      | Reached skill level 13 in Spellcasting
  8562 | D:10     | Entered Level 10 of the Dungeon
  8670 | D:10     | Noticed a gargoyle
  8688 | D:9      | Reached skill level 15 in Spellcasting
  8688 | D:9      | Reached XP level 11. HP: 54/54 MP: 29/32
  8833 | D:10     | Found a runed translucent door.
  8889 | D:10     | Reached skill level 1 in Fighting
  9318 | D:10     | Learned a level 4 spell: Flame Wave
  9324 | D:10     | Noticed zhov's ghost (novice MiHu)
  9324 | D:10     | Found the +8 demon trident "Rift" {distort, reach+}
  9343 | D:9      | Killed from afar by a gargoyle

Illustrated notes

Levels and vault maps discovered:
D:1:      dpeg_arrival_tiny_k, layout_loops_ring
D:2:      layout_rooms, grunt_ministairs_9, minmay_pentomino_pile, uniq_robin,
          uniq_natasha, uniq_sigmund
D:3:      layout_basic, shapermc_ecumenical_altar_flowoftime, serial_shops,
          nicolae_shop_hallway_stairs, minivault_23
D:4:      layout_basic, nicolae_ru_sacrificial_ziggurat, serial_bayou_pond_b
D:5:      layout_gridville, mainiacjoe_overflow_alcove_1,
          general_overflow_altar, led_sif_pool, hellmonk_bongcloud_opening
D:6:      layout_rooms, temple_green, uniq_pikel
D:7:      layout_rooms, trog_antimagical, serial_glass, glass_columns_a,
          glass_columns_c, glass_columns_a
D:8:      layout_basic, overflow_temple_1_default, gammafunk_ghost_necromancy,
          uniq_maurice
D:9:      layout_irregular_city, fedhas_altar_3, grunt_lair_entry_orc_guard_hut,
          orc_0_dummy, uniq_psyche, uniq_grum
D:10:     layout_basic, ebering_ghost_inner_flame, interstate_on_off,
          chequers_big_river
Temple:   nicolae_temple_bog_church

Skill      XL: |  1  2  3  4  5  6  7  8  9 10 11 |
---------------+----------------------------------+-----
Conjurations   | 5 6 7 8 10 11 14 | 14.4
Spellcasting   | 4 6 9 12 15 | 15.5
Translocations | 1 3 4 5 |  5.0
Dodging        | 4 |  4.3
Fighting       | 2 |  2.1
Stealth        | |  2.4

Action                   |  1- 3 |  4- 6 |  7- 9 | 10-12 || total
-------------------------+-------+-------+-------+-------++-------
Melee: Whip              |       |     8 |       |       ||     8
       Rapier            |       |     2 |       |       ||     2
       Unarmed           |       |       |     6 |       ||     6
 Cast: Magic Dart        |    76 |    92 |    95 |     2 ||   265
       Searing Ray       |     1 |     9 |    47 |    16 ||    73
       Iskenderun's Myst |       |       |     8 |    14 ||    22
  Use: Scroll            |       |     6 |     1 |     2 ||     9
       Potion            |       |       |       |     1 ||     1
Armor: Robe              |       |     3 |    12 |     7 ||    22
Dodge: Dodged            |     9 |    17 |    44 |    14 ||    84

Table legend: (Time is in decaauts)
 A = Elapsed time spent in this place.
 B = Non-inter-level travel time spent in this place.
 C = Inter-level travel time spent in this place.
 D = Time resting spent in this place.
 E = Time spent auto-exploring this place.
 F = Levels seen in this place.
 G = Mean time per level.
                   A        B        C        D        E       F      G
               +--------+--------+--------+--------+--------+-----+--------+
         Total |   9347 |   8757 |    590 |   1904 |   5327 |  11 |  849.7 |
       Dungeon |   9144 |   8590 |    554 |   1904 |   5176 |  10 |  914.4 |
        Temple |    202 |    166 |     36 |      0 |    150 |   1 |  202.0 |
               +--------+--------+--------+--------+--------+-----+--------+

Top non-repeatable levels by time:
     D:1: 1354 daAuts
     D:8: 1175 daAuts
     D:9: 1164 daAuts
     D:2: 1113 daAuts
     D:5: 910 daAuts
     D:3: 828 daAuts
     D:6: 781 daAuts
     D:4: 689 daAuts
    D:10: 592 daAuts
     D:7: 534 daAuts
  Temple: 202 daAuts
